 Dungeon Crawl Stone Soup version 0.28.0-1-gb440e238dd (webtiles) character file.

Game seed: 5169150820560879974

2448632 Sharkman1231 the Middleweight Champion (level 27, 270/270 HPs)
             Began as a Red Draconian Wanderer on Feb 19, 2022.
             Was a High Priest of Ignis.
             Escaped with the Orb
             ... and 5 runes on Feb 22, 2022!
             The game lasted 02:11:52 (103588 turns).

Sharkman1231 the Middleweight Champion (DrWn)     Turns: 103588, Time: 02:11:52

Health: 270/270    AC: 24    Str: 20    XL:     27
Magic:  44/44      EV: 24    Int: 24    God:    Ignis [*****.]
Gold:   5098       SH: 19    Dex: 24    Spells: 24/48 levels left

rFire   + + +      SeeInvis +     - Unarmed
rCold   + . .      Faith    .   a - +5 kite shield {rN+}
rNeg    + + .      Spirit   +   (armour unavailable)
rPois   +          Reflect  .   j - +3 hat of Pondering {ponderous, Will+ MP+10 Int+5}
rElec   .          Harm     .   w - scarf {rC+ rF+}
rCorr   +          Rampage  .   y - +2 pair of gloves
Will    +++..                   z - +2 pair of boots
Stlth   +++.......              O - amulet "Femniyps" {Spirit rCorr Str+2 SInv}
HPRegen 0.55/turn               U - ring "Vasagoes" {Fly rPois Dex+3 Slay+4}
MPRegen 0.29/turn               W - ring of Utonoele {Wiz rF+ rN+ Dex+2}

@: flying, studying Air Magic, slow
A: breathe fire, AC +13, unfitting armour, fire resistance 1, cold-blooded,
stinger 2, thin skeletal structure 2, low MP 1, screaming 1, shaggy fur 2, wild
magic 1, evolution 1, inability to read while threatened
0: Orb of Zot
}: 5/15 runes: decaying, serpentine, silver, obsidian, bone
a: Breathe Fire, Renounce Religion, Fiery Armour, Foxfire Swarm, Rising Flame


You escaped.
You worshipped Ignis.
Ignis was extremely pleased with you.
You visited 13 branches of the dungeon, and saw 64 of its levels.
You visited the Abyss 7 times.
You also visited: Bailey and Gauntlet.

You collected 8392 gold pieces.
You spent 3294 gold pieces at shops.

Inventory:

Missiles
 B - 23 curare-tipped darts (quivered)
Armour
 a - a +5 kite shield of positive energy (worn)
 j - the +3 hat of Pondering (worn) {ponderous, Will+ MP+10 Int+5}
   (You found it on level 3 of the Elven Halls)

   Int:       It affects your intelligence (+5).
   MP:        It affects your magic capacity (+10).
   Will:      It increases your willpower.
 w - a scarf of resistance (worn)
 y - a +2 pair of gloves (worn)
 z - a +2 pair of boots (worn)
Jewellery
 b - the ring of Bicu {rN+ AC+4}
   (You took it off a vault warden on level 1 of the Vaults)

   [ring of protection]

   AC:        It affects your AC (+4).
   rN:        It protects you from negative energy.
 h - a +6 ring of strength
 p - a +4 ring of evasion
 u - a ring of protection from cold
 x - a ring of protection from fire
 G - a ring of willpower
 O - the amulet "Femniyps" (around neck) {Spirit rCorr Str+2 SInv}
   (You took it off a deep elf demonologist on level 3 of the Elven Halls)

   [amulet of guardian spirit]

   It causes incoming damage to be divided between your reserves of health and
   magic.
   Str:       It affects your strength (+2).
   SInv:      It lets you see invisible.
   rCorr:     It protects you from acid and corrosion.
 P - a ring of willpower
 U - the ring "Vasagoes" (left hand) {Fly rPois Dex+3 Slay+4}
   (You found it in a Gauntlet)

   [ring of slaying]

   Dex:       It affects your dexterity (+3).
   Slay:      It affects your accuracy & damage with ranged weapons and melee
   (+4).
   rPois:     It protects you from poison.
   Fly:       It grants you flight.
 V - the ring "Raom" {Will+ Dex+2}
   (You found it in a Gauntlet)

   [ring of willpower]

   Dex:       It affects your dexterity (+2).
   Will:      It increases your willpower.
 W - the ring of Utonoele (right hand) {Wiz rF+ rN+ Dex+2}
   (You found it in a Gauntlet)

   [ring of wizardry]

   It improves your spell success rate.
   Dex:       It affects your dexterity (+2).
   rF:        It protects you from fire.
   rN:        It protects you from negative energy.
Wands
 k - a wand of paralysis (5)
 q - a wand of polymorph (21)
 r - a wand of digging (8)
 F - a wand of acid (36)
 J - a wand of iceblast (19)
 M - a wand of charming (27)
 S - a wand of flame (37)
 Y - a wand of mindburst (34)
Scrolls
 c - a scroll of enchant armour
 g - 5 scrolls of immolation
 i - 2 scrolls of summoning
 l - 2 scrolls of holy word
 o - 7 scrolls of brand weapon
 t - 4 scrolls of fear
 v - 9 scrolls of vulnerability
 C - 2 scrolls of blinking
 E - 15 scrolls of teleportation
 K - a scroll of torment
 N - 2 scrolls of silence
 Q - 2 scrolls of fog
 X - a scroll of amnesia
Potions
 e - 10 potions of attraction
 f - 9 potions of mutation
 m - 2 potions of might
 s - 5 potions of brilliance
 A - 2 potions of resistance
 D - 6 potions of lignification
 H - a potion of haste
 I - 2 potions of invisibility
 L - a potion of ambrosia
 R - 2 potions of magic
 T - 3 potions of berserk rage
Miscellaneous
 Z - a lightning rod (4/4)


   Skills:
 + Level 26.4 Fighting
 - Level 8.3 Short Blades
 - Level 11.9 Maces & Flails
 - Level 2.6 Throwing
 - Level 15.2 Dodging
 - Level 13.1 Stealth
 - Level 11.4 Shields
 O Level 27 Unarmed Combat
 - Level 11.0 Spellcasting
 - Level 8.0 Hexes
 - Level 7.1 Necromancy
 - Level 7.1 Translocations
 - Level 17.1 Transmutations
 - Level 8.0 Air Magic
 - Level 10.0 Earth Magic
 - Level 2.4 Evocations


You had 24 spell levels left.
You knew the following spells:

 Your Spells              Type           Power      Damage    Failure   Level
a - Pain                  Necr           100%       1d9       1%          1
b - Vampiric Draining     Necr           57%        2d10      1%          3
c - Blink                 Tloc           100%       N/A       1%          2
d - Dragon Form           Tmut           44%        N/A       4%          7
e - Silence               Hex/Air        30%        N/A       6%          5
f - Statue Form           Tmut/Erth      53%        N/A       4%          6

Your spell library contained the following spells:

 Spells                   Type           Power      Damage    Failure   Level
 Animate Skeleton         Necr           100%       N/A       1%          1
 Apportation              Tloc           100%       N/A       1%          1
 Beastly Appendage        Tmut           100%       N/A       1%          1
 Shock                    Conj/Air       100%       1d9       1%          1
 Slow                     Hex            100%       N/A       1%          1
 Sting                    Tmut/Pois      100%       1d8       1%          1
 Poisonous Vapours        Pois/Air       84%        N/A       1%          2
 Wereblood                Tmut           89%        N/A       1%          2
 Gell's Gravitas          Tloc           57%        N/A       1%          3
 Ignite Poison            Fire/Tmut/Pois 51%        N/A       1%          3
 Lesser Beckoning         Tloc           57%        N/A       1%          3
 Spider Form              Tmut/Pois      63%        N/A       1%          3
 Swiftness                Air            61%        N/A       1%          3
 Teleport Other           Tloc           57%        N/A       1%          3
 Leda's Liquefaction      Hex/Erth       32%        N/A       1%          4
 Blade Hands              Tmut           44%        N/A       1%          5
 Stone Arrow              Conj/Erth      96%        3d13      2%          3
 Airstrike                Air            30%        N/A       2%          4
 Anguish                  Hex/Necr       29%        N/A       2%          4
 Cause Fear               Hex            30%        N/A       2%          4
 Ice Form                 Ice/Tmut       63%        N/A       2%          4
 Dazzling Flash           Conj/Hex       84%        N/A       3%          3
 Inner Flame              Hex/Fire       42%        N/A       3%          3
 Summon Guardian Golem    Hex/Summ       42%        N/A       3%          3
 Dispel Undead            Necr           57%        3d20      3%          4
 Passage of Golubria      Tloc           57%        N/A       3%          4
 Alistair's Intoxication  Tmut/Pois      42%        N/A       5%          5
 Irradiate                Conj/Tmut      31%        3d23      5%          5
 Freeze                   Ice            68%        1d8       6%          1
 Summon Small Mammal      Summ           68%        N/A       6%          1
 Scorch                   Fire           34%        2d6       9%          2
 Searing Ray              Conj           34%        2d5       9%          2
 Agony                    Necr           57%        N/A       9%          5
 Manifold Assault         Tloc           57%        N/A       9%          5
 Fulminant Prism          Conj/Hex       21%        3d13      11%         4
 Iskenderun's Mystic Bla  Conj/Tloc      39%        2d9       12%         4
 Frozen Ramparts          Ice            34%        1d5       16%         3
 Ozocubu's Armour         Ice            17%        N/A       16%         3
 Eringya's Noxious Bog    Tmut/Pois      31%        N/A       22%         6
 Storm Form               Tmut/Air       38%        N/A       24%         7
 Metabolic Englaciation   Hex/Ice        21%        N/A       26%         5
 Flame Wave               Conj/Fire      17%        2d6       41%         4
 Hailstorm                Conj/Ice       17%        3d6       41%         4
 Sticky Flame             Conj/Fire      17%        2d4       41%         4
 Freezing Cloud           Conj/Ice/Air   16%        6-21      41%         5
 Iron Shot                Conj/Erth      24%        9d5       63%         6
 Fireball                 Conj/Fire      8%         3d6       75%         5
 Iskenderun's Battlesphe  Conj           17%        2d7       75%         5
 Conjure Ball Lightning   Conj/Air       21%        3x3d6     77%         6
 Simulacrum               Ice/Necr       19%        N/A       82%         6
 Necromutation            Tmut/Necr      37%        N/A       88%         8
 Starburst                Conj/Fire      8%         6d4       99%         6
 Haunt                    Necr/Summ      19%        N/A       100%        7
 Malign Gateway           Summ/Tloc      19%        N/A       100%        7
 Orb of Destruction       Conj           8%         9d6       100%        7
 Ozocubu's Refrigeration  Ice            8%         4d6       100%        7
 Discord                  Hex            30%        N/A       100%        8
 Lehudib's Crystal Spear  Conj/Erth      24%        10d7      100%        8
 Summon Horrible Things   Summ           8%         N/A       100%        8
 Chain Lightning          Conj/Air       21%        3d28      100%        9
 Death's Door             Necr           28%        N/A       100%        9
 Fire Storm               Conj/Fire      8%         8d2       100%        9
 Shatter                  Erth           34%        3d27*     100%        9
 Animate Armour           Summ/Erth      Unusable   N/A       N/A         4

Dungeon Overview and Level Annotations

Branches:
Dungeon (15/15)            Temple (1/1) D:5            Lair (6/6) D:8
  Swamp (4/4) Lair:3        Snake (4/4) Lair:3        Slime (0/5) Lair:6
    Orc (2/2) D:9             Elf (3/3) Orc:2        Vaults (5/5) D:13
  Crypt (0/3) Vaults:3     Depths (4/4) D:15           Hell (visited)
    Dis (0/7) Hell            Geh (7/7) Hell            Coc (0/7) Hell
    Tar (7/7) Hell            Zot (5/5) Depths:4     Bailey (visited)
Gauntlet (visited)

Altars:
Ashenzari
Cheibriados
Dithmenos
Elyvilon
Fedhas
Gozag
Hepliaklqana
Kikubaaqudgha
Makhleb
Nemelex Xobeh
Okawaru
Qazlal
Ru
Sif Muna
Trog
Uskayaw
Vehumet
Wu Jian
Xom
Yredelemnul
Zin
The Shining One
Beogh
Ignis
Jiyva

Shops:
D:1 (   D:3 *   Orc:2 [(*:   Elf:1 ?*   Snake:3 (([   Vaults:1 *
Vaults:2 [(!((   Vaults:3 ??*   Depths:1 *?(   Depths:2 *   Depths:4 ::=

Portals:
Hell: Depths:1 Depths:2 Depths:3 Depths:4
Abyss: Depths:1 Depths:3
Pandemonium: Depths:2
Ziggurat: Depths:1

Annotations:
D:12 4 transporters
Zot:4 1 runed translucent door, Toelubet's ghost, veteran CeHu


Innate Abilities, Weirdness & Mutations

You can breathe blasts of fire.
Your fiery red scales are hard. (AC +13)
You cannot fit into any form of body armour.
Your flesh is heat resistant. (rF+)
You are cold-blooded and may be slowed by cold attacks.
Your tail ends in a sharp venomous barb.
You have a moderately thin skeletal structure. (Dex +4, Stealth++)
Your magical capacity is low. (-10% MP)
You occasionally shout uncontrollably at your foes.
You are covered in thick fur. (AC +2)
Your spells are a little harder to cast, but a little more powerful.
You have hidden genetic potential.
You sometimes lose the ability to read scrolls when taking damage.


Message History

You feel less protected from negative energy.
The Ice Fiend gestures at you. The bolt of cold misses you.
You maul the Ice Fiend!!!!
The Ice Fiend is severely wounded.
You bite the Ice Fiend!!
You tail-slap the Ice Fiend, but do no damage.
You claw the Ice Fiend.
You kill the Ice Fiend!
There is a staircase leading out of the dungeon here.
Okay, then.
Your transformation has ended.
Your scarf of resistance unmelds from your body.
The +3 hat of Pondering {ponderous, Will+ MP+10 Int+5} unmelds from your body.
Your +2 pair of gloves unmelds from your body.
Your +2 pair of boots unmelds from your body.
Your +5 kite shield of positive energy unmelds from your body.
You feel resistant to extremes of temperature.
You feel rather ponderous.
You feel more protected from negative energy.
Magic courses through your body.
Okay, then.
Okay, then.
You aren't carrying any armour which can be enchanted further.
Okay, then.
Unknown command.
Okay, then.
Unknown command.
Okay, then.
Unknown command.
You feel much better.
You feel better.
You feel better.
You feel better.
You feel better.
You feel better.
You feel better.
You feel better.
Magic restored.
You have escaped!

# ≈≈## #≈ ≈≈≈≈# #### #≈≈§
#### §≈≈§ ...#
#≈§≈≈§#@>#≈≈≈≈≈#
##.#######§§#≈§#..#≈§#≈§#
#.......#§≈§≈≈#..#§≈≈≈≈#
#########≈≈§≈§≈..≈≈≈§§≈#
##§§§§≈..≈≈§≈§##
####§§≈#§..§#§≈≈#
#.###≈≈≈≈§.≈≈≈≈## #.#
###≈≈..≈≈###
#.#######''######


There were no monsters in sight!

Vanquished Creatures
  Asmodeus (Geh:7)
  Ereshkigal (Tar:7)
  the Serpent of Hell (Tar:7)
  Mennas (Vaults:3)
  7 ancient liches
  8 dread liches
  3 orbs of fire (Zot:5)
  A pandemonium lord (D:11)
  The ghost of Tylulut the Warrior, a master DjIE of Ashenzari (Depths:1)
  Boris (twice) (Vaults:2 Vaults:5)
  Frederick (Vaults:2)
  2 Killer Klowns (Zot:5)
  Xtahua (Vaults:5)
  Vashnia (Snake:2)
  Saint Roka (Vaults:2)
  Margery (Vaults:5)
  Geryon (Hell)
  Nikola (Snake:2)
  5 golden dragons
  5 profane servitors
  11 bone dragons
  4 electric golems
  10 Tzitzimimeh
  A shard shrike zombie (Abyss:3)
  10 Brimstone Fiends
  14 doom hounds
  9 hellephants
  2 Ice Fiends
  3 Hell Sentinels
  Jorgrun (D:13)
  13 tentacled monstrosities
  Mlioglotl (Snake:3)
  8 tainted leviathans
  9 liches
  25 Orb Guardians (Zot:5)
  A quicksilver dragon (Vaults:5)
  16 searing wretches
  A deep elf blademaster (Elf:2)
  3 titans
  3 deep elf master archers (Elf:3)
  3 sphinxes
  23 tentacled starspawn
  7 death cobs
  3 Executioners
  10 storm dragons
  9 tengu reavers
  Kirke (Swamp:1)
  5 shadow dragons
  2 fenstrider witches
  4 nagarajas
  Donald (Elf:3)
  4 draconian knights
  Roxanne (Swamp:1)
  2 azure jellies (Swamp:4)
  16 fire giants
  5 draconian monks
  15 vault wardens
  4 iron dragons
  24 balrugs
  4 draconian scorchers
  A daeva (Abyss:3)
  A fire giant (shapeshifter) (Vaults:5)
  A spectral juggernaut (Tar:1)
  A ghost moth (Zot:4)
  2 cacodemons (Abyss:3)
  8 frost giants
  4 deep elf sorcerers (Elf:3)
  Louise (Swamp:1)
  A caustic shrike zombie (Depths:1)
  5 spectral caustic shrikes
  4 draconian shifters
  7 draconian annihilators
  4 draconian stormcallers
  21 ironbound preservers
  An orc warlord (Bailey)
  4 deep elf elementalists (Elf:3)
  An angel (Abyss:1)
  4 ghouls (Swamp:2)
  9 reapers
  A spriggan defender (Depths:2)
  40 very ugly things
  8 war gargoyles
  A quicksilver ooze (Gauntlet)
  10 stone giants
  3 vampire knights
  2 caustic shrike skeletons (Vaults:3)
  2 ophanim
  2 spectral titans
  17 green draconians
  8 ironbound thunderhulks
  10 deep elf demonologists
  2 deep elf annihilators
  4 eleionomae
  10 purple draconians
  A lorocyproca (Abyss:4)
  3 black draconians
  15 putrid mouths
  An entropy weaver (Vaults:1)
  6 red draconians
  12 yellow draconians
  11 spark wasps
  5 white draconians
  11 dire elephants
  A minotaur (Gauntlet)
  8 bunyips
  3 blizzard demons
  4 green deaths
  4 eidola
  4 deep elf death magi (Elf:3)
  7 deep elf high priests
  A spectral quicksilver dragon (Tar:1)
  11 ettins
  2 kraken zombies (Hell)
  7 fire dragons
  12 yaktaur captains
  8 great orbs of eyes
  Fannar (Lair:3)
  3 boulder beetles
  15 salamander tyrants
  The ghost of BeingJoeMalik the Stickfighter, a journeyman TeGl of Dithmenos (D:11)
  An ice dragon (shapeshifter) (Depths:2)
  35 vault guards
  13 hydras
  7 spriggan air magi
  7 rakshasas
  A great orb of eyes (shapeshifter) (Vaults:5)
  3 ice dragons
  19 naga warriors
  A peacekeeper (Vaults:4)
  A spriggan skeleton (Abyss:5)
  A spectral stone giant (Tar:1)
  5 ogre magi
  6 stokers
  12 anacondas
  17 two-headed ogres
  3 ghost crabs (Vaults:3)
  Erica (D:9)
  5 alligators
  A death knight (D:15)
  A death yak (shapeshifter) (Vaults:5)
  11 ironbound frosthearts
  A catoblepas (D:14)
  27 dancing weapons
  25 centaur warriors
  A deep troll shaman (Depths:1)
  4 tengu warriors
  20 death yaks
  35 thrashing horrors
  3 deep troll earth magi
  8 shock serpents
  6 vampire magi
  51 large abominations
  13 naga sharpshooters
  35 hell hogs
  4 spriggans
  4 sun demons
  2 orc high priests
  23 deep elf knights
  4 sixfirhies
  A titan skeleton (Vaults:3)
  2 iron trolls
  20 wretched stars
  32 hell knights
  2 soul eaters
  2 spectral dire elephants
  9 shadow wraiths
  3 flayed ghosts
  6 salamander mystics
  A death drake (Vaults:3)
  The ghost of js333 the Thaumaturge, a novice DECj of Vehumet (D:7)
  4 spatial maelstroms
  6 spriggan druids
  5 sea snakes
  An anaconda zombie (Abyss:3)
  6 glowing orange brains
  52 deep trolls
  A spectral anaconda (Tar:2)
  2 goliath frogs
  A shadow dragon zombie (Abyss:2)
  4 swamp dragons
  A bog body (Swamp:3)
  2 shadow demons
  A deep troll (shapeshifter) (Vaults:5)
  17 ironbound convokers
  An orange crystal statue (Abyss:4)
  A spectral hydra (Tar:1)
  5 phantasmal warriors
  5 naga ritualists
  A kraken simulacrum (Hell)
  4 orc knights
  11 deep elf archers
  2 lindwurms (Vaults:2)
  Pikel (D:5)
  8 wizards
  10 mana vipers
  32 deep elf pyromancers
  3 harpies (Vaults:2)
  16 cyclopes
  10 necromancers
  3 will-o-the-wisps
  24 deep elf zephyrmancers
  2 orc sorcerers
  An oklob plant (Lair:6)
  A spectral ettin (Tar:1)
  2 worldbinders
  28 ugly things
  A salamander (shapeshifter) (Vaults:5)
  10 salamanders
  2 manticores
  A frost giant zombie (Depths:1)
  21 elephants
  An ice statue (Hell)
  13 moths of wrath
  43 black mambas
  A guardian serpent (Abyss:4)
  17 naga magi
  10 rust devils
  12 molten gargoyles
  An alligator snapping turtle zombie (Abyss:2)
  7 torpor snails
  3 orange demons (Abyss:3)
  21 cane toads
  An eye of devastation (Abyss:5)
  A cane toad (shapeshifter) (Vaults:5)
  2 apocalypse crabs
  32 smoke demons
  A gargoyle (D:13)
  16 vault sentinels
  Psyche (D:9)
  13 hellions
  A storm dragon simulacrum (Vaults:3)
  An unseen horror (Abyss:4)
  5 rime drakes
  6 komodo dragons
  A sea snake zombie (Hell)
  7 freezing wraiths
  22 yaktaurs
  14 tormentors
  61 starcursed masses
  3 efreet
  A kobold demonologist (D:13)
  9 ice devils
  A minotaur zombie (Gauntlet)
  9 tengu conjurers
  4 hellwings
  2 golden dragon simulacra
  A hydra zombie (Hell)
  21 ancient zymes
  3 red devils
  3 meliai
  5 spectral harpies
  A troll (shapeshifter) (Vaults:5)
  8 trolls
  2 silent spectres
  A wolf spider simulacrum (D:14)
  7 hornets
  A queen bee (shapeshifter) (Abyss:3)
  A tarantella (shapeshifter) (Elf:2)
  37 raiju
  Prince Ribbit (D:5)
  A polar bear (shapeshifter) (Abyss:3)
  2 polar bears
  16 slime creatures
  9 tyrant leeches
  A dream sheep (shapeshifter) (Vaults:2)
  2 hydra skeletons (Hell)
  29 blink frogs
  2 iron dragon simulacra
  2 dream sheep (Lair:5)
  A dire elephant simulacrum (Abyss:5)
  A flying skull (Abyss:3)
  5 shadows
  7 water elementals
  24 yaks
  A spriggan (shapeshifter) (Vaults:5)
  5 air elementals
  7 vampires
  5 wyverns
  4 wraiths
  Sigmund (D:5)
  13 ynoxinuls
  3 fire elementals (Elf:1)
  5 hogs (Swamp:2)
  5 swamp worm simulacra (Swamp:4)
  4 golden eyes
  13 vampire mosquitoes
  A sea snake simulacrum (Hell)
  4 steam dragons
  39 small abominations
  2 fire bats
  5 basilisks
  6 neqoxecs
  4 redbacks
  10 chaos spawn
  A harpy simulacrum (Abyss:4)
  32 nagas
  3 spatial vortices
  2 wargs
  Edmund (D:5)
  18 swamp worms
  15 hydra simulacra (Swamp:4)
  4 hell hounds (Abyss:3)
  24 water moccasins
  A black bear (Lair:1)
  3 ice beasts
  An alligator simulacrum (Hell)
  2 swamp drakes
  39 orc warriors
  3 sky beasts
  2 necrophages (D:5)
  13 ogres
  6 boggarts
  24 wolves
  A tengu (shapeshifter) (Abyss:5)
  A phantom (D:4)
  12 centaurs
  A lemure (D:5)
  4 kobold brigands
  3 earth elementals
  16 bullfrogs
  2 scorpions (D:4)
  A wyvern skeleton (D:5)
  5 killer bees (D:9)
  4 wights
  10 electric eels
  3 howler monkeys
  2 spectral centaurs
  2 centaur zombies
  4 quasits
  2 centaur skeletons (D:6)
  3 hounds
  4 jellies
  A gnoll shaman (D:6)
  19 orc priests
  3 iron imps
  Jessica (D:3)
  2 iguanas
  Terence (D:2)
  27 orc wizards
  A centaur simulacrum (D:7)
  A spectral howler monkey (D:7)
  A killer bee simulacrum (D:7)
  4 howler monkey zombies
  Robin (D:3)
  8 adders
  20 gnolls
  3 white imps
  3 swamp drake simulacra (Swamp:4)
  6 ufetubi
  3 dart slugs
  89 orcs
  2 bats
  3 endoplasms
  3 giant cockroaches
  30 goblins
  24 hobgoblins
  9 jackals
  18 kobolds
  5 quokkas
  6 ball pythons
  8 frilled lizards
  3 rats (D:1)
  A creeping inferno (Geh:3)
  11 fire vortices
  2 lurking horrors (Abyss:5)
  17 starspawn tentacles
  8 tentacles (Hell)
2787 creatures vanquished.

Vanquished Creatures (collateral kills)
  A naga warrior (Snake:2)
  A salamander (Snake:2)
  A naga (Snake:2)
3 creatures vanquished.

Vanquished Creatures (others)
  A balrug (Geh:7)
  A ghost moth (Zot:4)
  A hydra (Swamp:4)
  2 deep elf knights (Elf:2)
  4 bloated husks
  A vampire (D:13)
  A neqoxec (Abyss:5)
  A small abomination (Abyss:5)
  An orc wizard (D:10)
  An ufetubus (Abyss:3)
  4 creeping infernos
  2 fire vortices
  8 foxfires
  55 fungi
  2 lurking horrors
  169 plants
  44 starspawn tentacles
  20 tentacles (Hell)
318 creatures vanquished.

Grand Total: 3108 creatures vanquished

Notes
Turn   | Place    | Note
-------+----------+-------------------------------------------
     0 | D:1      | Sharkman1231 the Draconian Wanderer began the quest for the
                  | Orb.
     0 | D:1      | Sharkman1231 set off with the following items: a +1 vorpal
                  | dagger, 3 curare-tipped darts; and the following spell
                  | memorised: Pain; and the following spells available to
                  | memorise: Vampiric Draining
     0 | D:1      | Reached XP level 1. HP: 22/22 MP: 4/4
   385 | D:1      | Reached skill level 1 in Necromancy
   387 | D:1      | Reached XP level 2. HP: 20/28 MP: 0/6
   827 | D:1      | Found Vuve's Weapon Shoppe.
  1400 | D:2      | Reached XP level 3. HP: 34/35 MP: 5/7
  1722 | D:2      | Noticed Terence
  1736 | D:2      | Killed Terence
  1737 | D:2      | Reached skill level 5 in Fighting
  1737 | D:2      | Reached skill level 1 in Short Blades
  1747 | D:2      | You fall into a shaft and drop 1 floor!
  1916 | D:3      | Found Xishrebe's Assorted Antiques.
  1922 | D:3      | Bought a bubbling white potion for 23 gold pieces
  2261 | D:2      | Reached XP level 4. HP: 39/42 MP: 4/8
  2265 | D:2      | Learned a level 3 spell: Vampiric Draining
  2587 | D:3      | Noticed Robin
  3083 | D:3      | Killed Robin
  3136 | D:3      | Found a faded altar of an unknown god.
  3229 | D:3      | Noticed Jessica
  3239 | D:3      | Killed Jessica
  3240 | D:3      | Reached XP level 5. HP: 42/48 MP: 9/9
  3662 | D:3      | Found a bloodstained altar of Trog.
  3665 | D:3      | Found a glowing silver altar of Zin.
  3665 | D:3      | Found a blossoming altar of Fedhas.
  3674 | D:3      | Found a broken altar of Ashenzari.
  3677 | D:3      | Found a hide-covered altar of Uskayaw.
  4149 | D:4      | Noticed a phantom
  4167 | D:4      | Killed a phantom
  4168 | D:4      | Reached XP level 6. HP: 44/57 MP: 10/10
  4492 | D:4      | Identified the +1 ring mail of the King of the Hill {rF++
                  | rCorr}
  4660 | D:4      | Found a hazy altar of Hepliaklqana.
  4965 | D:5      | Entered Level 5 of the Dungeon
  4965 | D:5      | Found a shadowy altar of Dithmenos.
  4966 | D:5      | Noticed Prince Ribbit
  4967 | D:5      | Noticed Edmund
  5056 | D:5      | Your scales start taking on a fiery red colour.
  5056 | D:5      | Reached XP level 7. HP: 58/63 MP: 11/11
  5056 | D:5      | Gained mutation: Your flesh is heat resistant. (rF+) [Red
                  | Draconian growth]
  5067 | D:5      | Reached skill level 5 in Short Blades
  5552 | D:5      | Noticed Sigmund
  5557 | D:5      | Killed Sigmund
  5653 | D:5      | Killed Prince Ribbit
  5654 | D:5      | Reached XP level 8. HP: 58/73 MP: 12/12
  5701 | D:5      | Killed Edmund
  5967 | D:5      | Reached skill level 5 in Necromancy
  6259 | D:1      | Bought a +0 dagger of electrocution for 91 gold pieces
  6491 | D:5      | Noticed a komodo dragon
  6508 | D:5      | Killed a komodo dragon
  6568 | D:5      | Noticed Pikel
  6574 | D:5      | Killed Pikel
  6575 | D:5      | Reached XP level 9. HP: 54/81 MP: 13/13
  6748 | D:5      | Found a staircase to the Ecumenical Temple.
  7180 | Temple   | Entered the Ecumenical Temple
  7223 | Temple   | Became a worshipper of Ignis, the Dying Flame
  7270 | D:6      | Reached skill level 1 in Maces & Flails
  7937 | D:6      | Paralysed by a hornet for 2 turns
  8295 | D:6      | Noticed a troll
  8303 | D:6      | Killed a troll
  9041 | D:7      | Found an ancient bone altar of Kikubaaqudgha.
  9065 | D:7      | Reached skill level 5 in Maces & Flails
  9464 | D:7      | Found a runed translucent gate.
  9464 | D:7      | Found a runed translucent gate.
  9464 | D:7      | Found a runed translucent gate.
  9470 | D:7      | Noticed js333's ghost (novice DECj)
  9515 | D:7      | Killed js333's ghost
  9516 | D:7      | Reached skill level 1 in Dodging
  9516 | D:7      | Reached XP level 10. HP: 62/91 MP: 14/14
 10649 | D:8      | Found a staircase to the Lair.
 10994 | D:8      | Found an iron altar of Okawaru.
 11059 | D:9      | Noticed a two-headed ogre
 11074 | D:9      | Killed a two-headed ogre
 11075 | D:9      | Reached skill level 10 in Fighting
 11329 | D:9      | Noticed Psyche
 11341 | D:9      | Killed Psyche
 11822 | D:9      | Found a staircase to the Orcish Mines.
 12587 | D:9      | Reached XP level 11. HP: 30/101 MP: 8/15
 13216 | D:9      | Noticed Erica
 13224 | D:9      | Killed Erica
 13515 | D:9      | Noticed a two-headed ogre
 13525 | D:9      | Killed a two-headed ogre
 13735 | D:10     | Entered Level 10 of the Dungeon
 13905 | D:10     | Found a flagged portal.
 13926 | Bailey   | Entered a bailey
 14146 | Bailey   | Noticed an orc knight
 14163 | Bailey   | Killed an orc knight
 14589 | Bailey   | Reached skill level 5 in Dodging
 14646 | Bailey   | Noticed an orc knight
 14656 | Bailey   | Killed an orc knight
 14667 | Bailey   | Reached XP level 12. HP: 52/112 MP: 7/16
 15073 | Bailey   | Noticed an orc warlord
 15081 | Bailey   | Killed an orc warlord
 15700 | D:10     | Reached skill level 1 in Unarmed Combat
 15776 | D:10     | Noticed a two-headed ogre
 15782 | D:10     | Killed a two-headed ogre
 15783 | D:10     | Reached skill level 2 in Unarmed Combat
 15874 | D:10     | Reached skill level 3 in Unarmed Combat
 15930 | D:10     | Noticed a two-headed ogre
 15936 | D:10     | Killed a two-headed ogre
 15937 | D:10     | Reached skill level 5 in Unarmed Combat
 15991 | D:10     | Found a shimmering blue altar of Sif Muna.
 16457 | D:10     | Learned a level 2 spell: Blink
 16516 | D:11     | Found a gate leading to a gauntlet.
 16524 | Gauntlet | Entered a Gauntlet
 16524 | Gauntlet | Found a runed translucent door.
 16524 | Gauntlet | Found a transporter.
 16524 | Gauntlet | Found a runed translucent door.
 16524 | Gauntlet | Found a transporter.
 16530 | Gauntlet | Found a transporter.
 16545 | Gauntlet | Found a transporter.
 16558 | Gauntlet | Noticed a death yak
 16558 | Gauntlet | Noticed a death yak
 16558 | Gauntlet | Noticed a death yak
 16559 | Gauntlet | Noticed a death yak
 16560 | Gauntlet | Found a transporter.
 16560 | Gauntlet | Found a transporter.
 16560 | Gauntlet | Found a transporter.
 16562 | Gauntlet | Found a transporter.
 16562 | Gauntlet | Found a transporter.
 16574 | Gauntlet | Found a transporter.
 16590 | Gauntlet | Found a transporter.
 16600 | Gauntlet | Found a transporter.
 16603 | Gauntlet | Noticed a quicksilver ooze
 16614 | Gauntlet | Found a transporter.
 16634 | Gauntlet | Found a transporter.
 16840 | Gauntlet | Reached skill level 6 in Unarmed Combat
 16843 | Gauntlet | Identified the ring "Vasagoes" {Fly rPois Dex+3 Slay+4}
 16890 | Gauntlet | Killed a death yak
 16891 | Gauntlet | Reached skill level 7 in Unarmed Combat
 16897 | Gauntlet | Killed a death yak
 16905 | Gauntlet | Reached skill level 8 in Unarmed Combat
 16916 | Gauntlet | Killed a death yak
 16917 | Gauntlet | Reached skill level 9 in Unarmed Combat
 16925 | Gauntlet | Killed a death yak
 16926 | Gauntlet | Reached XP level 13. HP: 27/118 MP: 4/17
 16930 | Gauntlet | Identified the ring "Raom" {Will+ Dex+2}
 17276 | Gauntlet | Killed a quicksilver ooze
 17277 | Gauntlet | Reached skill level 10 in Unarmed Combat
 17280 | Gauntlet | Identified the ring of Utonoele {Wiz rF+ rN+ Dex+2}
 17295 | Gauntlet | Noticed a minotaur
 17309 | Gauntlet | Killed a minotaur
 17310 | Gauntlet | Reached skill level 11 in Unarmed Combat
 18024 | D:11     | Found a large runed translucent door.
 18024 | D:11     | Found a large runed translucent door.
 18187 | D:11     | Noticed BeingJoeMalik's ghost (journeyman TeGl)
 18275 | D:11     | Reached skill level 12 in Unarmed Combat
 18587 | D:11     | Found a sacrificial altar of Ru.
 18956 | D:3      | Bought a scroll of identify for 52 gold pieces
 18956 | D:3      | Bought a pair of boots for 117 gold pieces
 19106 | D:12     | Found a transporter.
 19107 | D:12     | Found a transporter.
 19168 | D:12     | Reached skill level 13 in Unarmed Combat
 19505 | D:12     | Reached skill level 14 in Unarmed Combat
 19895 | D:12     | Found a transporter.
 19898 | D:12     | Found a transporter.
 20018 | D:12     | Found a transporter.
 20057 | D:12     | Noticed Nessos
 20058 | D:12     | Noticed Nessos
 20058 | D:12     | Nessos changed into Nessos the swamp dragon
 20069 | D:12     | Killed Nessos the swamp dragon
 20387 | D:12     | Found a transporter.
 21042 | D:13     | Reached skill level 15 in Unarmed Combat
 21332 | D:13     | Noticed Jorgrun
 21960 | D:13     | Reached skill level 16 in Unarmed Combat
 22006 | D:13     | Killed Jorgrun
 22593 | D:13     | Reached XP level 14. HP: 107/126 MP: 13/18
 23063 | D:13     | Noticed an ironbound preserver
 23165 | D:13     | Killed an ironbound preserver
 23278 | D:13     | Found a gate to the Vaults.
 23564 | D:14     | Reached skill level 17 in Unarmed Combat
 24413 | D:15     | Entered Level 15 of the Dungeon
 24476 | D:15     | Reached skill level 1 in Evocations
 24844 | D:15     | Learned a level 7 spell: Dragon Form
 24942 | D:15     | Reached skill level 1 in Translocations
 25409 | D:15     | Reached skill level 1 in Transmutations
 26036 | D:15     | Found a staircase to the Depths.
 26036 | D:15     | Noticed a stone giant
 26048 | D:15     | Killed a stone giant
 26295 | D:15     | Found an iron altar of Okawaru.
 26962 | Lair:1   | Entered Level 1 of the Lair of Beasts
 27536 | Lair:1   | Found a snail-covered altar of Cheibriados.
 28157 | Lair:2   | Reached skill level 5 in Transmutations
 28322 | Lair:2   | Reached skill level 5 in Spellcasting
 29554 | Lair:3   | Reached XP level 15. HP: 60/132 MP: 17/23
 29654 | Lair:3   | Found a staircase to the Snake Pit.
 29868 | Lair:3   | Found a shimmering blue altar of Sif Muna.
 30102 | Lair:3   | Noticed Fannar
 30111 | Lair:3   | Killed Fannar
 30353 | Lair:3   | Found a staircase to the Swamp.
 33218 | Lair:4   | Reached skill level 10 in Transmutations
 34216 | Lair:5   | Identified the +3 leather armour "Puikis" {Harm rC+ Int-5}
 34233 | Lair:6   | Entered Level 6 of the Lair of Beasts
 34235 | Lair:6   | Found a runed translucent door.
 34459 | Lair:6   | Found a viscous altar of Jiyva.
 34459 | Lair:6   | Found a staircase to the Slime Pits.
 36491 | Lair:6   | Reached XP level 16. HP: 134/139 MP: 14/28
 37297 | Orc:1    | Entered Level 1 of the Orcish Mines
 37583 | Orc:2    | Entered Level 2 of the Orcish Mines
 37583 | Orc:2    | Found Ogecs's Antique Armour Emporium.
 37584 | Orc:2    | Found Daija's Antique Weapon Emporium.
 37585 | Orc:2    | Found Iluolism's General Store.
 38939 | Orc:2    | Found a staircase to the Elven Halls.
 38986 | Orc:2    | Found Zyfrih's Book Shop.
 39020 | Orc:2    | Bought a scroll of acquirement for 884 gold pieces
 39020 | Orc:2    | Acquired 930 gold pieces
 39798 | Elf:1    | Entered Level 1 of the Elven Halls
 40200 | Elf:1    | Paralysed by an air elemental for 1 turns
 40215 | Elf:1    | Reached skill level 15 in Transmutations
 41127 | Elf:1    | Found Teustos's Magic Scroll Emporium.
 41130 | Elf:1    | Found Cull's General Store.
 41132 | Elf:1    | Bought a scroll of identify for 26 gold pieces
 41133 | Elf:1    | Bought a scroll of identify for 26 gold pieces
 41135 | Elf:1    | Bought a scroll of identify for 26 gold pieces
 41135 | Elf:1    | Bought a scroll of vulnerability for 97 gold pieces
 41135 | Elf:1    | Bought a scroll of teleportation for 39 gold pieces
 41142 | Elf:1    | Bought a scroll of teleportation for 54 gold pieces
 41142 | Elf:1    | Bought a scroll of fog for 36 gold pieces
 42031 | Elf:2    | Learned a level 5 spell: Silence
 42327 | Elf:2    | Reached skill level 1 in Air Magic
 42329 | Elf:2    | Reached skill level 1 in Hexes
 42723 | Elf:2    | Found a runed translucent gate.
 42725 | Elf:2    | Found a runed translucent gate.
 42729 | Elf:2    | Found a runed translucent gate.
 42768 | Elf:2    | Paralysed by an orc sorcerer for 2 turns
 42787 | Elf:2    | Reached XP level 17. HP: 146/146 MP: 17/29
 43128 | Elf:2    | Reached skill level 18 in Unarmed Combat
 43549 | Elf:2    | Noticed a deep elf blademaster
 43682 | Elf:2    | Killed a deep elf blademaster
 44299 | Elf:3    | Entered Level 3 of the Elven Halls
 44738 | Elf:3    | Found an ancient bone altar of Kikubaaqudgha.
 44788 | Elf:3    | Noticed a deep elf master archer
 44789 | Elf:3    | Cast into level 3 of the Abyss (a deep elf demonologist)
 45229 | Elf:3    | Escaped the Abyss
 45232 | Elf:3    | Noticed a Brimstone Fiend
 45233 | Elf:3    | Gained mutation: Your body sometimes deteriorates upon
                  | taking damage. [a neqoxec]
 45235 | Elf:3    | Gained mutation: You are frail. (-10% HP) [a neqoxec]
 45597 | Elf:2    | Lost mutation: Your body sometimes deteriorates upon taking
                  | damage. [potion of mutation]
 45597 | Elf:2    | Lost mutation: You are frail. (-10% HP) [potion of
                  | mutation]
 45597 | Elf:2    | Gained mutation: You have a somewhat thin skeletal
                  | structure. (Dex +2, Stealth+) [potion of mutation]
 45597 | Elf:2    | Gained mutation: Your tail ends in a venomous barb. [potion
                  | of mutation]
 45597 | Elf:2    | Gained mutation: You tend to lose your temper in combat.
                  | [potion of mutation]
 45597 | Elf:2    | Gained mutation: You have an increased reservoir of magic.
                  | (+10% MP) [potion of mutation]
 45610 | Elf:2    | Lost mutation: You have an increased reservoir of magic.
                  | (+10% MP) [potion of mutation]
 45610 | Elf:2    | Lost mutation: You tend to lose your temper in combat.
                  | [potion of mutation]
 45610 | Elf:2    | Gained mutation: Your spells are a little harder to cast,
                  | but a little more powerful. [potion of mutation]
 45610 | Elf:2    | Gained mutation: You are covered in fur. (AC +1) [potion of
                  | mutation]
 45610 | Elf:2    | Gained mutation: You have sharp toenails. [potion of
                  | mutation]
 45610 | Elf:2    | Gained mutation: Your tail ends in a sharp venomous barb.
                  | [potion of mutation]
 45681 | Elf:3    | Noticed a deep elf master archer
 45693 | Elf:3    | Killed a deep elf master archer
 45697 | Elf:3    | Noticed Donald
 45711 | Elf:3    | Killed Donald
 46126 | Elf:3    | Reached skill level 5 in Air Magic
 46354 | Elf:3    | Identified the +3 mace of Action {freeze, +Blink Will+
                  | Int+2}
 46355 | Elf:3    | Killed a deep elf master archer
 46369 | Elf:3    | Identified the +6 dagger "Cenai" {flame, rElec rC+ Dex-4}
 46383 | Elf:3    | Reached skill level 19 in Unarmed Combat
 46390 | Elf:3    | Reached skill level 5 in Hexes
 47115 | Elf:3    | Noticed a deep elf master archer
 47132 | Elf:3    | Killed a deep elf master archer
 47581 | Elf:3    | Identified the +3 quarterstaff "Boamafus" {flame, rC+
                  | Dex+2}
 47581 | Elf:3    | Identified the amulet "Femniyps" {Spirit rCorr Str+2 SInv}
 47619 | Elf:3    | Reached XP level 18. HP: 154/158 MP: 24/30
 47740 | Elf:3    | Found the +3 hat of Pondering {ponderous, Will+ MP+10
                  | Int+5}
 47769 | Elf:3    | Identified the +1 chain mail "Hudu" {-Tele rPois Str-4
                  | Dex+9}
 47774 | Elf:3    | Got the Compendium of the Arsonist and Arcane Weapons
 47781 | Elf:3    | Identified the +7 hand crossbow of Ambiguity {elec, +Blink
                  | Stlth+}
 48253 | Swamp:1  | Entered Level 1 of the Swamp
 48305 | Swamp:2  | Noticed Kirke
 48529 | Swamp:1  | Killed Kirke
 48776 | Swamp:1  | Identified Roxanne's Grimoire of Shape Shifting
 48776 | Swamp:1  | Noticed Roxanne
 48791 | Swamp:1  | Killed Roxanne
 48806 | Swamp:1  | Learned a level 6 spell: Statue Form
 48943 | Swamp:1  | Noticed Louise
 48951 | Swamp:1  | Killed Louise
 49345 | Swamp:2  | Reached skill level 1 in Earth Magic
 51623 | Swamp:4  | Entered Level 4 of the Swamp
 52383 | Swamp:4  | Reached skill level 20 in Unarmed Combat
 52879 | Swamp:4  | Got a decaying rune of Zot
 53378 | Snake:1  | Entered Level 1 of the Snake Pit
 54765 | Snake:2  | You are sucked into a shaft and drop 1 floor!
 54787 | Snake:4  | Entered Level 4 of the Snake Pit
 55314 | Snake:4  | Reached XP level 19. HP: 168/168 MP: 29/31
 55372 | Snake:4  | Reached skill level 5 in Earth Magic
 56508 | Snake:4  | Got a serpentine rune of Zot
 56538 | Snake:4  | Reached skill level 15 in Fighting
 56994 | Snake:3  | Found Zimoade's Antique Armour Shop.
 57061 | Snake:3  | Acquired a scarf of resistance
 57245 | Snake:3  | Found Bidezxam's Antique Weapon Boutique.
 57393 | Snake:3  | Reached skill level 21 in Unarmed Combat
 57915 | Snake:3  | Noticed Mlioglotl
 57924 | Snake:3  | Killed Mlioglotl
 58087 | Snake:3  | Found Adeireq's Antique Weapon Shoppe.
 59033 | Snake:2  | Noticed Vashnia
 60704 | Snake:2  | Noticed Nikola
 60716 | Snake:2  | Killed Nikola
 60863 | Snake:2  | Killed Vashnia
 60880 | Snake:2  | Reached skill level 10 in Earth Magic
 61707 | Vaults:1 | Entered Level 1 of the Vaults
 61946 | Vaults:1 | Found Hyaxoh's General Store.
 61951 | Vaults:1 | Bought a potion of heal wounds for 60 gold pieces
 62315 | Vaults:1 | Reached XP level 20. HP: 178/178 MP: 30/32
 62861 | Vaults:1 | Identified the ring of Bicu {rN+ AC+4}
 62865 | Vaults:1 | Reached skill level 10 in Dodging
 62882 | Vaults:1 | Got Qet Mol's Disquisition on the Bewitching Frostbite
 63493 | Vaults:2 | Found Nuarpho's Distillery.
 63532 | Vaults:2 | Bought a potion of mutation for 176 gold pieces
 63532 | Vaults:2 | Bought a potion of curing for 66 gold pieces
 63532 | Vaults:2 | Bought a potion of berserk rage for 110 gold pieces
 63532 | Vaults:2 | Bought a potion of mutation for 176 gold pieces
 63532 | Vaults:2 | Bought a potion of lignification for 66 gold pieces
 63532 | Vaults:2 | Bought a potion of mutation for 176 gold pieces
 63551 | Vaults:2 | Found Zowk's Antique Weapon Shoppe.
 63626 | Vaults:2 | Noticed Boris
 63635 | Vaults:2 | Killed Boris
 63639 | Vaults:2 | Found Nismulupp's Antique Weapon Shop.
 64665 | Vaults:2 | Noticed Saint Roka
 64672 | Vaults:2 | Killed Saint Roka
 64679 | Vaults:2 | Noticed Frederick
 64692 | Vaults:2 | Identified the +7 glaive "Xuraaf" {vorpal, Str+6 SInv}
 64698 | Vaults:2 | Killed Frederick
 65004 | Vaults:2 | Found Midwoun's Armour Shoppe.
 65422 | Vaults:2 | Found Zopeteto's Weapon Shoppe.
 65688 | Vaults:3 | Noticed Mennas
 65698 | Vaults:3 | Killed Mennas
 66094 | Vaults:3 | Noticed a dread lich
 66099 | Vaults:3 | Killed a dread lich
 66100 | Vaults:3 | Reached XP level 21. HP: 189/189 MP: 33/33
 66200 | Vaults:3 | Found a staircase to the Crypt.
 66397 | Vaults:3 | Reached skill level 22 in Unarmed Combat
 66622 | Vaults:3 | Found Fohec's Assorted Antiques.
 66632 | Vaults:3 | Bought a potion of heal wounds for 115 gold pieces
 66632 | Vaults:3 | Bought a scroll of fear for 80 gold pieces
 66718 | Vaults:3 | Reached skill level 1 in Shields
 66744 | Vaults:3 | Got Sif Muna's Papyrus of Poisoning
 66933 | Vaults:3 | Got the Incunabulum of Necromancy
 67202 | Vaults:3 | Found Gycalid's Magic Scroll Emporium.
 67210 | Vaults:3 | Bought a scroll of vulnerability for 90 gold pieces
 67210 | Vaults:3 | Bought a scroll of immolation for 42 gold pieces
 67210 | Vaults:3 | Bought a scroll of teleportation for 36 gold pieces
 67210 | Vaults:3 | Bought a scroll of teleportation for 36 gold pieces
 67289 | Vaults:3 | Found Epoosewa's Magic Scroll Emporium.
 67296 | Vaults:3 | Bought a scroll of magic mapping for 42 gold pieces
 67296 | Vaults:3 | Bought a scroll of teleportation for 36 gold pieces
 67296 | Vaults:3 | Bought a scroll of immolation for 42 gold pieces
 67296 | Vaults:3 | Bought a scroll of vulnerability for 90 gold pieces
 68641 | Vaults:4 | Reached skill level 5 in Shields
 70182 | Vaults:5 | Entered Level 5 of the Vaults
 70410 | Vaults:5 | Reached skill level 1 in Stealth
 70578 | Vaults:5 | Noticed Boris
 70592 | Vaults:5 | Killed Boris
 70684 | Vaults:5 | Reached skill level 5 in Stealth
 70803 | Vaults:5 | Reached XP level 22. HP: 171/202 MP: 34/34
 71353 | Vaults:5 | Noticed an ancient lich
 71361 | Vaults:5 | Killed an ancient lich
 71583 | Vaults:5 | Reached skill level 23 in Unarmed Combat
 72423 | Vaults:5 | Noticed Margery
 72435 | Vaults:5 | Killed Margery
 72848 | Vaults:5 | Noticed an ancient lich
 72858 | Vaults:5 | Killed an ancient lich
 73078 | Vaults:5 | Noticed an ancient lich
 73086 | Vaults:5 | Killed an ancient lich
 73108 | Vaults:5 | Noticed Xtahua
 73109 | Vaults:5 | Noticed a dread lich
 73110 | Vaults:5 | Killed Xtahua
 73116 | Vaults:5 | Killed a dread lich
 73613 | Vaults:5 | Identified the +1 robe "Ykhlaug" {rC+}
 73651 | Vaults:5 | Paralysed by a sphinx for 2 turns
 73672 | Vaults:5 | Identified the +8 hunting sling of Ihiar {freeze, Int+2}
 73897 | Vaults:5 | Got a silver rune of Zot
 74186 | Vaults:5 | Found the +8 autumn katana {vorpal, manifold assault}
 74558 | Depths:1 | Entered Level 1 of the Depths
 74746 | Depths:1 | Found a one-way gateway to a ziggurat.
 75065 | Depths:1 | Found a gateway to Hell.
 75126 | Depths:1 | Found a one-way gate to the infinite horrors of the Abyss.
 75130 | Depths:1 | Reached skill level 24 in Unarmed Combat
 75416 | Depths:1 | Found Fiezaif's Assorted Antiques.
 75419 | Depths:1 | Found Peodasm's Magic Scroll Emporium.
 75421 | Depths:1 | Found Wos Wuzuz's Antique Weapon Shoppe.
 75428 | Depths:1 | Bought a scroll of summoning for 180 gold pieces
 75447 | Depths:1 | Reached XP level 23. HP: 213/213 MP: 35/35
 75841 | Depths:1 | Found a runed translucent gate.
 75841 | Depths:1 | Found a runed translucent gate.
 75841 | Depths:1 | Found a runed translucent gate.
 75841 | Depths:1 | Noticed Tylulut's ghost (master DjIE)
 75844 | Depths:1 | Found a basalt altar of Yredelemnul.
 75862 | Depths:1 | Killed Tylulut's ghost
 76017 | Depths:1 | Found a glowing golden altar of the Shining One.
 76442 | Depths:2 | Found a one-way gate leading to the halls of Pandemonium.
 76652 | Depths:2 | Found a glowing golden altar of the Shining One.
 76723 | Depths:2 | Reached skill level 10 in Shields
 76723 | Depths:2 | Found a glowing silver altar of Zin.
 77021 | Depths:2 | Found a hazy altar of Hepliaklqana.
 77022 | Depths:2 | Identified the +1 ring mail of Jocular Miracles {-Cast
                  | Str+4 SInv Stlth+}
 77023 | Depths:2 | Found a white marble altar of Elyvilon.
 77024 | Depths:2 | Found an iron altar of Okawaru.
 77024 | Depths:2 | Found a white marble altar of Elyvilon.
 77901 | Depths:2 | Found Eclemufu's General Store.
 77907 | Depths:2 | Reached skill level 25 in Unarmed Combat
 78073 | Depths:2 | Bought 2 potions of lignification for 102 gold pieces
 78073 | Depths:2 | Bought 2 scrolls of teleportation for 102 gold pieces
 78310 | Depths:2 | Found a radiant altar of Vehumet.
 79083 | Depths:3 | Got the Grimoire of the Tarantula
 79129 | Depths:3 | Got Sif Muna's Almanac of Heat and Moulding
 79139 | Depths:3 | Found a shimmering blue altar of Sif Muna.
 79206 | Depths:3 | Noticed a dread lich
 79207 | Depths:3 | Noticed a dread lich
 79212 | Depths:3 | Killed a dread lich
 79218 | Depths:3 | Killed a dread lich
 79263 | Depths:3 | Got Janeav's Disquisition on the Volcanoes
 79275 | Depths:3 | Got the Disquisition on Clay
 79450 | Depths:3 | Found an ornate altar of the Wu Jian Council.
 79750 | Hell     | Entered the Vestibule of Hell
 79750 | Hell     | Noticed Geryon
 79762 | Hell     | Killed Geryon
 79770 | Hell     | Reached skill level 10 in Spellcasting
 80566 | Hell     | Found a gateway to the freezing wastes of Cocytus.
 80570 | Hell     | Reached XP level 24. HP: 223/223 MP: 29/37
 81097 | Hell     | Found a gateway to the Iron City of Dis.
 81186 | Hell     | Found a gateway to the ashen valley of Gehenna.
 81232 | Hell     | Reached skill level 26 in Unarmed Combat
 81537 | Hell     | Found a gateway to the decaying netherworld of Tartarus.
 81679 | Geh:1    | Entered Level 1 of Gehenna
 84043 | Geh:4    | Reached skill level 27 in Unarmed Combat
 84490 | Geh:7    | Entered Level 7 of Gehenna
 85451 | Geh:7    | Identified the +8 broad axe of Jeusytas {speed, Will+}
 85657 | Geh:7    | Reached XP level 25. HP: 124/225 MP: 27/38
 85942 | Geh:7    | Identified the ring of Onedatt {rC+ rCorr Int+3}
 86092 | Geh:7    | Found the +7 sceptre of Asmodeus
 86092 | Geh:7    | Noticed Asmodeus
 86289 | Geh:7    | Killed Asmodeus
 86295 | Geh:7    | Got an obsidian rune of Zot
 86539 | Depths:4 | Entered Level 4 of the Depths
 87101 | Depths:4 | Found Beiwk's Book Boutique.
 87102 | Depths:4 | Found Xiusah's Jewellery Shoppe.
 87103 | Depths:4 | Found Omiymall's Book Boutique.
 87167 | Depths:4 | Found a gate to the Realm of Zot.
 88184 | Zot:1    | Entered Level 1 of the Realm of Zot
 88243 | Tar:1    | Entered Level 1 of Tartarus
 88282 | Tar:1    | Reached skill level 10 in Stealth
 89302 | Tar:7    | Entered Level 7 of Tartarus
 90063 | Tar:7    | Noticed the Serpent of Hell
 90080 | Tar:7    | HP: 8/250 [putrid mouth (17)]
 90084 | Tar:7    | HP: 2/193 [Tzitzimitl[a doom hound] (12)]
 90746 | Tar:7    | Got the Disquisition on Ice
 90755 | Tar:7    | Killed the Serpent of Hell
 91014 | Tar:7    | Reached XP level 26. HP: 199/199 MP: 38/38
 91036 | Tar:7    | Noticed Ereshkigal
 91080 | Tar:7    | Killed Ereshkigal
 91106 | Tar:7    | Got a bone rune of Zot
 91281 | Depths:1 | Voluntarily entered the Abyss.
 91352 | Abyss:3  | Found a corrupted altar of Lugonu.
 91382 | Abyss:3  | Found a corrupted altar of Lugonu.
 91450 | Abyss:4  | Found a corrupted altar of Lugonu.
 91587 | Abyss:5  | Entered Level 5 of the Abyss
 91891 | Abyss:5  | Found a corrupted altar of Lugonu.
 92023 | Depths:1 | Escaped the Abyss
 92362 | Depths:1 | Voluntarily entered the Abyss.
 92370 | Abyss:1  | Noticed a dread lich
 92383 | Abyss:1  | Killed a dread lich
 92383 | Abyss:1  | Found a corrupted altar of Lugonu.
 92464 | Depths:1 | Escaped the Abyss
 92550 | Depths:1 | Voluntarily entered the Abyss.
 92764 | Abyss:2  | Found a corrupted altar of Lugonu.
 93492 | Abyss:2  | Paralysed by accursed screaming for 2 turns
 93498 | Abyss:2  | Paralysed by accursed screaming for 1 turns
 93580 | Abyss:3  | Found a corrupted altar of Lugonu.
 93718 | Abyss:3  | Noticed a dread lich
 93744 | Abyss:3  | Killed a dread lich
 93806 | Abyss:3  | Paralysed by an air elemental for 1 turns
 93855 | Abyss:3  | Paralysed by an air elemental for 1 turns
 93861 | Abyss:3  | Paralysed by an air elemental for 1 turns
 93894 | Abyss:3  | Paralysed by an air elemental for 1 turns
 93949 | Abyss:3  | Found a sparkling altar of Nemelex Xobeh.
 93950 | Abyss:3  | Paralysed by an air elemental for 1 turns
 93967 | Abyss:3  | Found a sparkling altar of Nemelex Xobeh.
 94080 | Abyss:3  | Found a corrupted altar of Lugonu.
 94131 | Abyss:3  | Gained mutation: You are resistant to electric shocks.
                  | (rElec) [a neqoxec]
 94507 | Abyss:5  | Entered Level 5 of the Abyss
 94507 | Abyss:5  | Found a corrupted altar of Lugonu.
 94646 | Abyss:5  | HP: 15/336 [wretched star/lance of force (9)]
 94661 | Depths:1 | Escaped the Abyss
 95171 | Depths:1 | Voluntarily entered the Abyss.
 95230 | Abyss:1  | Paralysed by accursed screaming for 1 turns
 95232 | Abyss:1  | Paralysed by accursed screaming for 1 turns
 95265 | Depths:1 | Escaped the Abyss
 95549 | Depths:1 | Voluntarily entered the Abyss.
 95549 | Abyss:1  | Found a corrupted altar of Lugonu.
 96197 | Abyss:4  | Found a corrupted altar of Lugonu.
 96332 | Abyss:4  | Found a corrupted altar of Lugonu.
 96449 | Abyss:4  | Found a transporter.
 96481 | Depths:1 | Escaped the Abyss
 96853 | Depths:1 | Voluntarily entered the Abyss.
 97051 | Abyss:3  | Noticed an ancient lich
 97063 | Abyss:3  | Found a radiant altar of Vehumet.
 97064 | Abyss:3  | Found a radiant altar of Vehumet.
 97324 | Abyss:3  | Gained mutation: You are frail. (-10% HP) [a cacodemon]
 97331 | Abyss:3  | Gained mutation: Your magical capacity is extremely low.
                  | (-30% MP) [a cacodemon]
 97481 | Depths:1 | Escaped the Abyss
 98663 | Zot:2    | Lost mutation: You are resistant to electric shocks.
                  | (rElec) [potion of mutation]
 98663 | Zot:2    | Lost mutation: You are frail. (-10% HP) [potion of
                  | mutation]
 98663 | Zot:2    | Gained mutation: You have hidden genetic potential. [potion
                  | of mutation]
 98663 | Zot:2    | Lost mutation: You have sharp toenails. [potion of
                  | mutation]
 98663 | Zot:2    | Gained mutation: You sometimes lose the ability to read
                  | scrolls when taking damage. [potion of mutation]
 98913 | Zot:3    | Reached skill level 5 in Translocations
 99533 | Zot:4    | Reached skill level 15 in Dodging
 99719 | Zot:4    | Found a runed translucent door.
100068 | Zot:4    | Noticed Toelubet's ghost (veteran CeHu)
100157 | Zot:5    | Entered Level 5 of the Realm of Zot
100862 | Zot:5    | Noticed an ancient lich
100874 | Zot:5    | Killed an ancient lich
100876 | Zot:5    | Noticed an ancient lich
100890 | Zot:5    | Killed an ancient lich
100894 | Zot:5    | Noticed an orb of fire
100906 | Zot:5    | Killed an orb of fire
101679 | Zot:5    | Noticed an ancient lich
101682 | Zot:5    | Killed an ancient lich
101806 | Zot:5    | Reached XP level 27. HP: 264/264 MP: 26/34
101806 | Zot:5    | Noticed a dread lich
101817 | Zot:5    | Killed a dread lich
102642 | Zot:5    | Noticed an orb of fire
102643 | Zot:5    | Gained mutation: You are covered in thick fur. (AC +2) [an
                  | orb of fire]
102656 | Zot:5    | Noticed an ancient lich
102667 | Zot:5    | Killed an ancient lich
102697 | Zot:5    | Noticed an orb of fire
102702 | Zot:5    | Gained mutation: You occasionally shout uncontrollably at
                  | your foes. [an orb of fire]
102707 | Zot:5    | Killed an orb of fire
102711 | Zot:5    | Gained mutation: You have a moderately thin skeletal
                  | structure. (Dex +4, Stealth++) [hidden potential]
102731 | Zot:5    | Noticed an orb of fire
102745 | Zot:5    | Killed an orb of fire
102746 | Zot:5    | Noticed a dread lich
102750 | Zot:5    | Paralysed by a dread lich for 2 turns
102757 | Zot:5    | Paralysed by a dread lich for 3 turns
102762 | Zot:5    | Killed a dread lich
102964 | Zot:5    | Got the Orb of Zot
103353 | D:11     | Noticed Azyheejoso the pandemonium lord
103361 | D:11     | Killed Azyheejoso the pandemonium lord
103377 | D:11     | Killed BeingJoeMalik's ghost
103588 | D:$      | Escaped with the Orb!

Illustrated notes

Levels and vault maps discovered:
D:1:      lightli_molten_gateway, layout_loops_ring, serial_shops,
          nicolae_shop_advertising_works [nicolae_subvault_shop_adworks],
          kennysheep_pointless_box, minmay_pentomino_u2
D:2:      layout_basic, amcnicky_mini_pool_small,
          hangedman_decor_clover_reticule, kennysheep_generic_room_14,
          uniq_terence
D:3:      layout_basic, minmay_overflow_temple_star_hex, serial_shops,
          nicolae_shop_trees, shapermc_ecumenical_altar_ellora,
          grunt_decor_arrowhead, hex_intersection, minivault_24, uniq_robin,
          uniq_jessica
D:4:      layout_loops_ring, worldfamousw_hep_ancestral_shrine
D:5:      minmay_inner_zag, layout_loops_ring, nicolae_dithmenos_shadow_blocks,
          temple_statues, chequers_serial_rivers_room_b, st_stairs_9,
          minmay_misc_feat_doors, water_boxes_lemuel, uniq_edmund, uniq_pikel,
          uniq_sigmund, uniq_prince_ribbit1
D:6:      cheibrodos_steamvent, layout_rooms
D:7:      layout_loops_ring, mainiacjoe_overflow_boulevard,
          gammafunk_ghost_necromancy
D:8:      layout_rooms, kennysheep_little_box, david_lair_shrubbed
D:9:      layout_loops_corners, david_orc_5, serial_bayou_pond_b,
          minmay_misc_feat_plants, uniq_psyche, uniq_erica
D:10:     layout_long_grid, lemuel_round_altar, enter_bailey_4,
          serial_co_window_serial, co_window_paths_b, co_window_paths_a,
          co_window_corner_a, co_window_of_opportunity_a, co_window_paths_a,
          co_window_corner_ca, co_window_2corner, co_window_of_opportunity_b,
          co_window_unsneaky_path_b, co_window_corner_ca, co_window_2corner,
          co_window_4corner_a, glass_columns_c, glass_columns_a,
          glass_columns_c, kennysheep_generic_room_15
D:11:     layout_basic, ebering_ghost_disaster_area, gauntlet_entry_generic,
          hangedman_decor_growths, nicolae_ru_sacrificial_ziggurat
D:12:     layout_rooms, serial_nicolae_subway, nicolae_sub_station_metal,
          nicolae_sub_station_crystal, nicolae_sub_station_stone, uniq_nessos
D:13:     layout_stronghold, skrybe_vaults_entry_preservation,
          kennysheep_kite_vault, uniq_jorgrun
D:14:     layout_basic, grunt_gozag_statues, small_chamber_with_monster,
          chequers_garden
D:15:     grunt_enter_depths_snipers, layout_basic, minivault_23,
          minmay_tree_intersection, kennysheep_okawaru_gauntlet
Temple:   pdpol_scorched_temple
Lair:1:   layout_roguey, serial_bayou_pond_c, kennysheep_snail_temple,
          serial_bayou_shore_a
Lair:2:   layout_loops_ring, st_stairs_8
Lair:3:   layout_roguey, swamp_mist, minmay_snake_entry_six_corridors,
          lemuel_centaur_altar, uniq_fannar
Lair:4:   layout_regular_city, grunt_megastairs_4
Lair:5:   layout_roguey, grunt_megastairs_2
Lair:6:   minmay_lair_end_frog_pond, layout_cave_pods, slime_altar_2,
          nicolae_lair_grove_arrangements
Swamp:1:  layout_falls_marsh, evilmike_swamp_ruin_house_6, swamp_pool2,
          uniq_roxanne, uniq_louise
Swamp:2:  layout_basic_swamp, evilmike_swamp_ruin_house_1, swamp_pool4,
          hangedman_swamp_grove, uniq_kirke
Swamp:3:  layout_basic_swamp, evilmike_swamp_ruin_rubble_1, swamp_pool1,
          hangedman_swamp_cone
Swamp:4:  swamp_icy, layout_basic_swamp
Snake:1:  layout_concentric_octagons, special_room, st_stairs_7,
          nicolae_snake_snake_lake
Snake:2:  layout_gridlike, st_stairs_6, nicolae_snake_bzzzt, uniq_vashnia,
          uniq_nikola
Snake:3:  layout_honeycomb, serial_shops, shop, nicolae_shop_crystal,
          nicolae_shop_hallway_plus, uniq_mlioglotl
Snake:4:  snake_pit, layout_cave_town, lemuel_fruit_tree, serial_bayou_shore_b
Orc:1:    layout_caves, basic_altar
Orc:2:    grunt_orc_gardens, layout_caves, grunt_orc_garden, grunt_orc_garden,
          grunt_orc_garden, grunt_orc_garden, nicolae_orc_crystal_geode
Elf:1:    eino_elf_arrival_sip, layout_gridlike, hangedman_elf_represent,
          roderic_lattice_octagonal_star, minmay_shoptagon
Elf:2:    elven_hall_of_blades_hangedman_original
          [nicolae_vaults_blade_armed_guards], layout_geoelf_octagon
Elf:3:    minmay_elf_hall_not_hex, layout_loops_cross, basic_altar,
          minivault_16, chequers_hall_statues_wall_a, feat_on_display,
          uniq_donald
Vaults:1: vaults_room_hangedman_quadrants, v_misc_30, vaults_room_semicircle,
          hangedman_vaults_trim, ontoclasm_vaults_ring_small,
          vaults_room_octagon, grunt_vaults_focal,
          ontoclasm_vaults_claustrophobia, v_pattern_1,
          vaults_dpeg_encased_lava, nicolae_vaults_what_the_h,
          vaults_room_pools, layout_vaults_ring, serial_shops,
          nicolae_shop_statue_plus
Vaults:2: vaults_room_door_hall, st_check, grunt_vaults_bifocal,
          v_alt_pattern_1, hangedman_vaults_stream, nicolae_vaults_rhombus_6,
          v_rooms_1, v_alt_pattern_2, v_alt_pattern_4,
          nicolae_vaults_little_squares_4, ontoclasm_vaults_eye,
          layout_vaults_maze_snakey, serial_shops, nicolae_diamond_shop, shop,
          nicolae_lakefront_shop, nicolae_shop_waterfront, shop, uniq_frederick,
          uniq_saint_roka, uniq_boris
Vaults:3: vaults_mumra_lcd, minmay_crypt_entry_vampire_xt,
          nicolae_vaults_yaktaur_gun_rack, vaults_room_door_ring,
          vaults_room_stairs_pillars, ontoclasm_vaults_ring_small,
          vaults_dpeg_diagonal, vaults_room_pools, v_misc_30,
          vaults_mumra_chevron, layout_vaults_big_room,
          serial_hangedman_research, hangedman_research_toxicology,
          hangedman_research_thanatology, serial_shops, shop, shop, shop,
          uniq_mennas
Vaults:4: grunt_vaults_hallway_short, hangedman_vaults_corner, v_alt_pattern_6,
          st_squares, v_misc_27, vaults_standard_mumra_x, v_misc_23,
          nicolae_vaults_little_squares_6, layout_vaults_quadrants
Vaults:5: uniq_xtahua, uniq_margery
Depths:1: layout_gridlike, enter_ziggurat_a, grunt_metal_band, tso_altar,
          nicolae_abyss_entry_one_way_or_another, grunt_decor_one_mirror,
          nicolae_yredelemnul_ghost_church, minmay_shop_star
Depths:2: minmay_the_grid_octo_tiled_squarecenter_mashed
          [minmay_the_grid_octo_concentric, minmay_the_grid_octo_toaster,
          minmay_the_grid_octo_shrine, minmay_the_grid_octo_vomiting_pacman,
          minmay_the_grid_square_5x5_megaprize_hollow,
          minmay_the_grid_square_5x5_three_small,
          minmay_the_grid_square_5x5_inner_v,
          minmay_the_grid_square_5x5_sharp_hourglass,
          minmay_the_grid_square_5x5_tetrominoes], layout_basic,
          rand_demon_pan_entry_1, pf_hell_entry_tar_river, lemuel_round_altar,
          serial_shops, shop, vehumet_crystals
Depths:3: evilmike_library_of_no_secrets, layout_cave_shapes, pf_coc_iceberg,
          nzn_wu_jian_council_hall, abyss_entry_crystal,
          kennysheep_cluttered_room
Depths:4: grunt_twist_and_shout, layout_gridlike, hell_entry, minmay_shop_grove
Hell
Geh:1:    layout_gehenna_lava_caves
Geh:2:    layout_gehenna_pools_box
Geh:3:    layout_gehenna_pools_basic
Geh:4:    layout_gehenna_pools_basic
Geh:5:    layout_gehenna_pools_basic
Geh:6:    layout_gehenna_pools_box, nicolae_geh_gnashing_of_teeth
Geh:7:    geh_grunt_pentagon
Tar:1:    layout_grid_maze
Tar:2:    layout_catacombs
Tar:3:    layout_catacombs
Tar:4:    layout_cathedral_of_symmetry, nicolae_tar_grid_combs
Tar:5:    layout_cathedral_of_symmetry
Tar:6:    minmay_shadows, layout_catacombs, nicolae_tar_four_comb_rooms
Tar:7:    tar_old
Zot:1:    hangedman_orp_of_zott, layout_cathedral_of_symmetry
Zot:2:    layout_onion, grunt_megastairs_1
Zot:3:    lemuel_draconian_sentries_small, layout_twisted_circle
Zot:4:    layout_gridlike, hellmonk_ghost_happy_afterlife
Zot:5:    layout_basic, grunt_ministairs_9

Skill      XL: |  1  2  3  4  5  6  7  8  9 10 11 12 13 14 15 16 17 18 19 20 21 22 23 24 25 26 27 |
---------------+----------------------------------------------------------------------------------+-----
Necromancy     | 1 2 3 4 6 7 |  7.1
Fighting       | 5 6 7 8 9 10 11 12 13 14 15 16 18 19 20 22 24 26 | 26.4
Short Blades   | 1 2 3 4 6 8 |  8.3
Maces & Flails | 5 8 11 | 11.9
Dodging        | 1 4 6 7 8 11 12 14 15 | 15.2
Unarmed Combat | 9 16 17 19 20 21 22 24 25 27 | 27.0
Evocations     | 2 |  2.4
Translocations | 2 7 |  7.1
Transmutations | 7 12 16 17 | 17.1
Spellcasting   | 5 8 10 11 | 11.0
Air Magic      | 2 5 7 8 |  8.0
Hexes          | 2 5 7 8 |  8.0
Earth Magic    | 4 10 | 10.0
Shields        | 6 9 10 11 | 11.4
Stealth        | 5 7 8 12 13 | 13.1
Throwing       | |  2.6

Action                   |  1- 3 |  4- 6 |  7- 9 | 10-12 | 13-15 | 16-18 | 19-21 | 22-24 | 25-27 || total
-------------------------+-------+-------+-------+-------+-------+-------+-------+-------+-------++-------
Melee: Dagger            |    22 |       |    26 |       |       |       |       |       |       ||    48
       Mace              |    51 |   165 |    64 |       |       |       |       |       |       ||   280
       Tailslap          |     8 |    20 |    46 |   128 |   308 |   170 |   228 |   249 |   475 ||  1632
       Punch             |     1 |     5 |     6 |    10 |   192 |   102 |   156 |   154 |   167 ||   793
       Whip              |       |       |   203 |   688 |   340 |       |       |       |       ||  1231
       Unarmed           |       |       |       |       |  1038 |   980 |  1009 |  1073 |  1945 ||  6045
       Bite              |       |       |       |       |     2 |    74 |   100 |   116 |   115 ||   407
       Kick              |       |       |       |       |       |    33 |     5 |    11 |   237 ||   286
Throw: Dart              |     1 |       |     4 |     6 |     7 |       |       |       |       ||    18
 Cast: Pain              |    34 |     3 |       |       |       |       |       |       |       ||    37
       Vampiric Draining |       |     3 |       |       |       |       |       |       |       ||     3
       Dragon Form       |       |       |       |       |     1 |    70 |    53 |    51 |    67 ||   242
       Silence           |       |       |       |       |       |     6 |     4 |     4 |     3 ||    17
       Statue Form       |       |       |       |       |       |     9 |     2 |     3 |    34 ||    48
       Blink             |       |       |       |       |       |       |     1 |     1 |     4 ||     6
 Abil: Breathe Fire      |       |       |    14 |    27 |    35 |     1 |       |       |       ||    77
       End Transformatio |       |       |       |       |       |       |       |       |     1 ||     1
Evoke: Wand              |       |       |       |     4 |     8 |     9 |     4 |    11 |    18 ||    54
       Lightning rod     |       |       |       |       |       |     4 |       |       |       ||     4
  Use: Potion            |     1 |       |     1 |     3 |     3 |     5 |     5 |     4 |    45 ||    67
       Scroll            |       |     7 |     2 |     7 |    14 |     9 |     9 |       |    24 ||    72
 Stab: Sleeping          |       |     1 |     2 |       |     2 |     1 |     5 |    10 |     9 ||    30
       Distracted        |       |       |       |     1 |     3 |       |     1 |     5 |    13 ||    23
       Paralysed         |       |       |       |       |       |     2 |       |       |     1 ||     3
Armor: Skin              |    25 |    66 |    86 |   151 |   434 |   430 |   417 |   342 |   859 ||  2810
Dodge: Dodged            |    51 |   181 |   261 |   438 |   958 |   512 |   490 |   408 |  1329 ||  4628
Block: Kite shield       |       |       |       |       |       |       |    45 |   100 |   951 ||  1096
